 Dungeon Crawl Stone Soup version 0.21.0-3-g78d12a8 (webtiles) character file.

5583 oplop the Transmogrifier (level 10, -7/66 HPs)
             Began as an Octopode Transmuter on Jan 11, 2018.
             Was a Believer of Cheibriados.
             Mangled by a yak (13 damage)
             ... on level 9 of the Dungeon.
             The game lasted 00:27:02 (9948 turns).

oplop the Transmogrifier (Octopode Transmuter)      Turns: 9948, Time: 00:27:03

Health: -7/66      AC:  1    Str: 15    XL:     10   Next: 72%
Magic:  20/29      EV: 19    Int: 21    God:    Cheibriados [**....]
Gold:   280        SH:  0    Dex: 20    Spells: 6/22 levels left

rFire    . . .     SeeInvis .     - Unarmed
rCold    . . .     Gourm    .   (shield currently unavailable)
rNeg     . . .     Faith    .   (helmet restricted)
rPois    .         Spirit   .   (no amulet)
rElec    .         Reflect  .   h - ring of flight
rCorr    +         Harm     .   d - ring of resist corrosion
MR       .....                  e - ring of magical power
Stlth    +++.......             (no ring)
HPRegen  0.21/turn              (no ring)
MPRegen  0.21/turn              (no ring)
                                (no ring)
                                (no ring)

@: blade tentacles (expiring), very slow
A: almost no armour, stealthy swim, amphibious, 8 rings, constrict 8, camouflage
1, gelatinous body 1
a: End Transformation, Bend Time, Renounce Religion, Evoke Flight


You were on level 9 of the Dungeon.
You worshipped Cheibriados.
Cheibriados was pleased with you.
You were hungry.
You had blades for tentacles.
You visited 2 branches of the dungeon, and saw 10 of its levels.

You collected 376 gold pieces.
You spent 96 gold pieces at shops.

Inventory:

Missiles
 a - 37 arrows
Armour
 f - a +1 buckler
Magical Staves
 s - an uncursed staff of fire
 D - an uncursed staff of energy
Jewellery
 d - a ring of resist corrosion (right scythe-like blade)
 e - a ring of magical power (on tentacle)
 h - a ring of flight (left scythe-like blade)
Wands
 o - a wand of paralysis (7)
 r - a wand of acid (11)
 u - a wand of digging (18)
 y - a wand of disintegration (14)
 A - a wand of enslavement (10)
Scrolls
 g - 2 scrolls of identify
 i - 9 scrolls of remove curse
 j - 2 scrolls of amnesia
 t - a scroll of enchant weapon
 z - 3 scrolls of teleportation
Potions
 k - a potion of brilliance
 l - 2 potions of agility
 m - a potion of might {unknown}
 n - a potion of ambrosia {unknown}
 p - 2 potions of lignification {unknown}
 q - 3 potions of flight
 v - a potion of degeneration {unknown}
 w - a potion of heal wounds
 x - a potion of curing
 E - a potion of invisibility
Books
 b - a book of Changes

   Spells                             Type                      Level
   a - Beastly Appendage              Transmutation                1
   b - Sticks to Snakes               Transmutation                2
   c - Spider Form                    Transmutation/Poison         3
   d - Ice Form                       Ice/Transmutation            4
   e - Blade Hands                    Transmutation                5
 B - a book of Geomancy

   Spells                             Type                      Level
   a - Sandblast                      Earth                        1
   b - Passwall                       Transmutation/Earth          2
   c - Stone Arrow                    Conjuration/Earth            3
   d - Petrify                        Transmutation/Earth          4
   e - Lee's Rapid Deconstruction     Earth                        5
 C - a book of Power

   Spells                             Type                      Level
   a - Iskenderun's Battlesphere      Conjuration/Charms           5
   b - Venom Bolt                     Conjuration/Poison           5
   c - Bolt of Magma                  Conjuration/Fire/Earth       5
   d - Iron Shot                      Conjuration/Earth            6
   e - Orb of Destruction             Conjuration                  7
   f - Spellforged Servitor           Conjuration/Summoning        7
Comestibles
 c - 12 rations


   Skills:
 + Level 5.0 Fighting
 + Level 7.3 Dodging
 + Level 4.6 Unarmed Combat
 + Level 6.7 Spellcasting
 - Level 8.9 Transmutations
 + Level 6.4 Invocations


You had 6 spell levels left.
You knew the following spells:

 Your Spells              Type           Power        Failure   Level  Hunger
a - Blade Hands           Tmut           #####.....   36%         5    #####..
b - Sticks to Snakes      Tmut           #####...     11%         2    None
c - Spider Form           Tmut/Pois      ####......   30%         3    #......
d - Ice Form              Ice/Tmut       ####....     54%         4    ###....
e - Passwall              Tmut/Erth      ####......   22%         2    None


Dungeon Overview and Level Annotations

Branches:
Dungeon (9/15)             Temple (1/1) D:5            Lair (0/6) D:9
    Orc: D:9-12

Altars:
Ashenzari
Cheibriados
Dithmenos
Elyvilon
Fedhas
Gozag
Hepliaklqana
Kikubaaqudgha
Makhleb
Nemelex Xobeh
Okawaru
Qazlal
Ru
Sif Muna
Trog
Uskayaw
Vehumet
Wu Jian
Xom
Yredelemnul
Zin
The Shining One

Shops:
D:4 !

Annotations:
D:3 Dirtsage's ghost, amateur DsFi
D:4 Menkaure
D:7 Joseph


Innate Abilities, Weirdness & Mutations

You cannot wear most types of armour.
You are very stealthy in the water. (Stealth+)
You are amphibious.
You can wear up to eight rings at the same time.
You can use your tentacles to constrict eight enemies at once.
Your skin changes colour to match your surroundings (Stealth+).
Your rubbery body absorbs attacks. (AC +1, EV +1)


Message History

Cheibriados rebukes the yak.
The yak seems to slow down.
Cheibriados rebukes the yak.
The yak seems to slow down.
You feel slightly more hungry. The yak gores you.
Unknown command.
You slash the yak! You squeeze the yak.
The yak is almost dead.
The yak completely misses you. The yak gores you!!
* * * LOW HITPOINT WARNING * * *
Unknown command.
You slash the yak!
You kill the yak!
Cheibriados appreciates the change of pace.
Your Fighting skill increases to level 5!
Unknown command.
You barely miss the yak. Your slash misses the yak.
Your squeeze misses the yak.
The yak is severely wounded.
The yak gores you!
You die...

#...............##
#.......#########
#.......#
#......## #......#
#......# #..?..(#
####......#
#.%.@....##
#..Y†....#
#........#
#........#
#....>...#
#........#
#........#
#........#


You could see a yak.

Vanquished Creatures
  A two-headed ogre (D:8)
  The ghost of Dirtsage the Basher, a novice DsFi of Ru (D:9)
  Pikel (D:6)
  3 hogs (D:7)
  A human (D:7)
  3 yaks
  Edmund (D:6)
  Duvessa (D:6)
  An orc warrior (D:8)
  An eye of draining (D:9)
  3 sky beasts
  A black bear (D:6)
  2 necrophages (D:8)
  5 ogres
  A centaur (D:9)
  A big kobold (D:7)
  Blork the orc (D:4)
  3 bullfrogs
  2 scorpions
  5 killer bees (D:7)
  The ghost of Britaniac the Charmwright, a weakling MfSk (D:4)
  An electric eel (D:6)
  A howler monkey (D:4)
  3 crimson imps
  2 jellies
  A centaur zombie (D:7)
  3 hounds
  An iguana (D:5)
  Ijyb (D:4)
  4 worker ants
  5 orc wizards
  A hound zombie (D:7)
  2 hound skeletons (D:6)
  9 adders
  A shadow imp (D:6)
  An ooze (D:2)
  3 worms
  4 dart slugs
  A leopard gecko (D:3)
  18 orcs
  8 giant cockroaches
  10 goblins
  7 hobgoblins
  6 jackals
  12 kobolds
  5 quokkas
  4 ball pythons
  5 bats
  2 frilled lizards
  A leopard gecko skeleton (D:6)
  8 rats
169 creatures vanquished.

Vanquished Creatures (collateral kills)
  A bullfrog (D:9)
  Dowan (D:6)
  A howler monkey (D:6)
  An adder (D:2)
  A worm (D:2)
  A kobold (D:3)
6 creatures vanquished.

Vanquished Creatures (others)
  A slave (D:6)
1 creature vanquished.

Grand Total: 176 creatures vanquished

Notes
Turn   | Place    | Note
-------+----------+-------------------------------------------
     0 | D:1      | oplop the Octopode Transmuter began the quest for the Orb.
     0 | D:1      | Reached XP level 1. HP: 13/13 MP: 3/3
   142 | D:1      | Reached XP level 2. HP: 16/18 MP: 3/5
   412 | D:1      | Reached XP level 3. HP: 22/23 MP: 4/6
   953 | D:2      | Learned a level 2 spell: Sticks to Snakes
   957 | D:2      | Learned a level 3 spell: Spider Form
   996 | D:2      | Reached skill level 3 in Transmutations
  1001 | D:2      | Reached XP level 4. HP: 8/29 MP: 1/7
  1209 | D:2      | Found a faded altar of an unknown god.
  1295 | D:2      | oplop: ??auxillary
  1295 | D:2      | beem: auxillary ~ auxiliary ~ auxiliary attacks[1/4]: Auxiliary attacks are /extra/ melee attacks using body parts. You can get auxiliary attacks by having hooves, horns, talons, fangs, a beak, or a large muscular tail. Unarmed Combat skill does not affect these. However, if you have Unarmed Combat skill and are not using a shield or two-handed weapon, you do get an offhand punch.
  1295 | D:2      | oplop: ??auxillary[2
  1295 | D:2      | beem: auxillary ~ auxiliary ~ auxiliary attacks[2/4]: Base damage: Kick: 5 + (hooves mutation level * 5 / 3) + (1 + talons mutation level) + (tentacle spike mutation level)
                  | Headbutt: 5 + (horns mutation level * 3)
                  | Peck: 6
                  | Tail-slap: 6 + (stinger mutation level * 2 - 1 [venom branded]) |
  1295 | D:2      | oplop: ??auxillary[3
  1295 | D:2      | beem: auxillary ~ auxiliary ~ auxiliary attacks[3/4]:
                  | Punch: 5 + UC skill / 3 + (6 with blade hands) + (claws mutation level)d3 with claws (does not stack with blade hands)
                  | Bite: (fangs mutation level * 2) + (str - 10) / 5; + 2d4 with acidic bite mutation (and possible corrosion)
                  | Pseudopods: 4 * (pseudopod mutation level)
                  | Squeeze: 12
  1295 | D:2      | oplop: ??auxillary[4
  1295 | D:2      | beem: auxillary ~ auxiliary ~ unarmed effects[1/2]: Unarmed attacks have additional effects, if conditions are met: Headbutt - Ministun ; Claw - Bleed effect ; Hooves - Ignore AC on kicks - In 0.17, hooves and horns don't apply these effects anymore.
  2137 | D:3      | Reached XP level 5. HP: 32/34 MP: 6/9
  2195 | D:3      | Noticed Dirtsage's ghost (amateur DsFi)
  3227 | D:4      | Noticed an ogre
  3240 | D:4      | Killed an ogre
  3240 | D:4      | Reached skill level 4 in Transmutations
  3240 | D:4      | Reached XP level 6. HP: 41/41 MP: 3/10
  3358 | D:4      | Noticed Ijyb
  3378 | D:4      | Killed Ijyb
  3463 | D:4      | Noticed Menkaure
  3514 | D:4      | Learned a level 4 spell: Ice Form
  3748 | D:4      | Noticed Blork the orc
  3761 | D:4      | Killed Blork the orc
  3761 | D:4      | Reached XP level 7. HP: 34/46 MP: 2/12
  3877 | D:4      | Found Soimm's Distillery.
  3881 | D:4      | Noticed Britaniac's ghost (weakling MfSk)
  3887 | D:4      | Bought a potion of invisibility for 96 gold pieces
  3919 | D:4      | Killed Britaniac's ghost
  3919 | D:4      | Reached skill level 5 in Transmutations
  4077 | D:4      | Found a burning altar of Makhleb.
  4077 | D:4      | Noticed a cacodemon
  4300 | D:5      | Entered Level 5 of the Dungeon
  4387 | D:5      | Found an iron altar of Okawaru.
  4534 | D:5      | Found a staircase to the Ecumenical Temple.
  4551 | Temple   | Entered the Ecumenical Temple
  4813 | Temple   | Became a worshipper of Cheibriados the Contemplative
  5223 | D:6      | Reached skill level 1 in Invocations
  5387 | D:6      | Reached XP level 8. HP: 24/52 MP: 7/14
  5637 | D:6      | Reached skill level 6 in Transmutations
  5800 | D:6      | Noticed Pikel
  5802 | D:6      | Noticed Edmund
  5820 | D:6      | Killed Pikel
  5996 | D:6      | Noticed Duvessa
  5999 | D:6      | Noticed Dowan
  6018 | D:6      | Killed Duvessa
  6018 | D:6      | Reached skill level 5 in Dodging
  6018 | D:6      | Reached skill level 7 in Transmutations
  6021 | D:6      | Killed Dowan
  6054 | D:6      | Killed Edmund
  6392 | D:6      | Found an iron altar of Okawaru.
  6813 | D:7      | Noticed Joseph
  6834 | D:7      | Reached XP level 9. HP: 22/57 MP: 10/16
  7298 | D:7      | Reached skill level 5 in Spellcasting
  7424 | D:7      | Reached * piety under Cheibriados
  7688 | D:7      | oplop: ??ice form
  7688 | D:7      | beem: ice form[1/2]: +20% HP, rF-, rC+++, rPois. Makes you large, which will reduce EV (for human size and smaller races). Melds all armour, but gives 5-12 AC. 12+UC base damage with freezing brand. Players in ice form can float through water, but get no aquatic bonuses and can't reach submerged items. Found in Books of Changes and Ice, L4 ice/tmut.
  7688 | D:7      | oplop: ??hydra form
  7688 | D:7      | beem: hydra form[1/4]: Level 6 form that gives you {spellpower}/10 heads (randomly rounded) and cleaving (when heads >= 2). Your heads can be chopped off, grown, and cauterized just like the monster! Edible foes smaller than you are devoured when killed, healing you based on HD. rPois+, +30% HP. Beware the AC cost... except felids/octopodes. Has swift movement in water.
  7741 | D:7      | Learned a level 5 spell: Blade Hands
  7826 | D:7      | Reached skill level 8 in Transmutations
  7848 | D:7      | oplop: ??blade hands
  7848 | D:7      | beem: blade hands[1/2]: A potent level 5 transmutation that grants a massive increase to unarmed damage but reduces spell success, melds gloves, weapons and shields. Also prevents wand usage while active. Base damage is 22 + UC. Does not stack with claws.
  7848 | D:7      | oplop: ??blade hands[2
  7848 | D:7      | beem: blade hands[2/2]: If you are a felid you take a stealth penalty for having blade hands active (You walk on your hands). Flight gives the stealth back again.
  8166 | D:8      | Reached skill level 5 in Invocations
  8289 | D:8      | Learned a level 2 spell: Passwall
  8555 | D:8      | Reached ** piety under Cheibriados
  8562 | D:8      | Reached XP level 10. HP: 34/63 MP: 13/18
  9301 | D:8      | Noticed a two-headed ogre
  9307 | D:8      | Killed a two-headed ogre
  9433 | D:9      | Noticed Dirtsage's ghost (novice DsFi)
  9452 | D:9      | Killed Dirtsage's ghost
  9878 | D:9      | Found a staircase to the Lair.
  9947 | D:9      | Reached skill level 5 in Fighting
  9948 | D:9      | Mangled by a yak

Skill      XL: |  1  2  3  4  5  6  7  8  9 10 |
---------------+-------------------------------+-----
Transmutations | 3 4 5 7 8 |  8.9
Fighting       | 2 3 5 |  5.0
Dodging        | 3 4 5 6 7 |  7.3
Spellcasting   | 3 4 5 6 |  6.7
Invocations    | 1 3 5 6 |  6.4
Unarmed Combat | 4 |  4.6

Action                   |  1- 3 |  4- 6 |  7- 9 | 10-12 || total
-------------------------+-------+-------+-------+-------++-------
Melee: Unarmed           |    64 |   157 |   240 |    65 ||   526
       Constrict         |    26 |    29 |    27 |    14 ||    96
       Kick              |    15 |    17 |     5 |       ||    37
       Tentacles         |     8 |    22 |    28 |    21 ||    79
       Punch             |     1 |     2 |     5 |     1 ||     9
 Cast: Beastly Appendage |    16 |    16 |     1 |       ||    33
       Sticks to Snakes  |     3 |     9 |    17 |     4 ||    33
       Spider Form       |       |     8 |    15 |     1 ||    24
       Ice Form          |       |       |     5 |       ||     5
       Blade Hands       |       |       |     3 |     7 ||    10
Invok: Bend Time         |       |       |     1 |     2 ||     3
 Abil: End Transformatio |       |       |     1 |       ||     1
Evoke: Wand              |       |       |     8 |       ||     8
  Use: Potion            |     2 |       |     3 |       ||     5
       Scroll            |       |       |     9 |     3 ||    12
 Stab: Sleeping          |     7 |     3 |     3 |     2 ||    15
       Invisible         |       |       |     1 |       ||     1
       Paralysed         |       |       |    18 |       ||    18
  Eat: Chunk             |       |     8 |    13 |     2 ||    23
       Ration            |       |     1 |     2 |       ||     3
Armor: Skin              |     8 |     6 |    18 |     2 ||    34
Dodge: Dodged            |    41 |   113 |   165 |    44 ||   363
